MLB
BOSTON RED SOX @ BALTIMORE ORIOLES
09/10/2046
 
TOP OF THE 1ST
Boston Red Sox batting - Pitching for Baltimore Orioles : RHP John Piccola
Pitching: RHP John Piccola
Batting: RHB Alois Wollf 0-0: Ball
1-0: Ground out 6-3 (Groundball, 6, EV 111.2 MPH)
Batting: LHB Mike Mentzer 0-0: Ball
1-0: Foul Ball, location: 2F
1-1: Fly out, F8 (Line Drive, 8LD, EV 91.9 MPH)
Batting: RHB Cesar Breceda 0-0: Ball
1-0: Ground out U3 (Groundball, 34S, EV 80.0 MPH)
Top of the 1st over - 0 runs, 0 hits, 0 errors, 0 left on base; Boston 0 - Baltimore 0
BOTTOM OF THE 1ST
Baltimore Orioles batting - Pitching for Boston Red Sox : RHP Reece Nichols
Pitching: RHP Reece Nichols
Batting: RHB Saimei Kudo 0-0: Ball
1-0: Ball
2-0: Foul Ball, location: 2F
2-1: SOLO HOME RUN (Flyball, 7D, EV 95.6 MPH), Distance : 377 ft
Batting: LHB Jesus Lozano 0-0: Called Strike
0-1: Foul Ball, location: 2F
0-2: Foul Ball, location: 2F
0-2: Ball
1-2: Ground out 4-3 (Groundball, 34D, EV 103.1 MPH)
Batting: RHB Rudo Garciaparra 0-0: Called Strike
0-1: Called Strike
0-2: Fly out, F9 (Flyball, 9D, EV 98.1 MPH)
Batting: LHB Ernesto Cedillos 0-0: Called Strike
0-1: Ground out 4-3 (Groundball, 4, EV 109.4 MPH)
Bottom of the 1st over - 1 run, 1 hit, 0 errors, 0 left on base; Boston 0 - Baltimore 1
TOP OF THE 2ND
Boston Red Sox batting - Pitching for Baltimore Orioles : RHP John Piccola
Batting: LHB Kevin McCormic Jr. 0-0: Called Strike
0-1: Ball
1-1: Ball
2-1: SINGLE (Groundball, 56D, EV 101.2 MPH)
Batting: SHB Marvin Lawrence 0-0: Ball
1-0: Foul Ball, location: 2F
1-1: Foul Ball, location: 2F
1-2: Foul Ball, location: 2F
1-2: Fly out, F9 (Flyball, 9, EV 91.2 MPH)
Batting: RHB Pedro Nin 0-0: Called Strike
0-1: Ball
1-1: Swinging Strike
1-2: Strikes out looking
Batting: LHB Shoichi Aso 0-0: Hit by Pitch
Kevin McCormic Jr. to second
Batting: SHB Robbie Rogers 0-0: Swinging Strike
0-1: SINGLE (Groundball, 6MD, EV 95.6 MPH)
Kevin McCormic Jr. to third
Shoichi Aso to second
Runner from 3rd tries for Home, SAFE, throw by CF to home
Batting: LHB Tim Fuller 0-0: Ball
1-0: Swinging Strike
1-1: Foul Ball, location: 2F
1-2: Ball
2-2: Foul Ball, location: 2F
2-2: Strikes out swinging
Top of the 2nd over - 1 run, 2 hits, 0 errors, 2 left on base; Boston 1 - Baltimore 1
BOTTOM OF THE 2ND
Baltimore Orioles batting - Pitching for Boston Red Sox : RHP Reece Nichols
Batting: RHB Randy Johnson Jr. 0-0: SINGLE (Groundball, 6MD, EV 106.9 MPH)
Batting: SHB Robert Handy 0-0: Ball
1-0: Grounds out, U3 (Groundball, 3L, EV 100.0 MPH)
Batting: LHB Ben Goldstein 0-0: Fly out, F8 (Flyball, 78D, EV 101.9 MPH)
Batting: RHB Blake Ballard 0-0: Ball
1-0: Ball
2-0: Foul Ball, location: 2F
2-1: Foul Ball, location: 2F
2-2: Strikes out swinging
Bottom of the 2nd over - 0 runs, 1 hit, 0 errors, 1 left on base; Boston 1 - Baltimore 1
TOP OF THE 3RD
Boston Red Sox batting - Pitching for Baltimore Orioles : RHP John Piccola
Batting: RHB Alois Wollf 0-0: Ball
1-0: Swinging Strike
1-1: Called Strike
1-2: Ball
2-2: Foul Ball, location: 2F
2-2: Foul Ball, location: 2F
2-2: Foul Ball, location: 2F
2-2: Strikes out looking
Batting: LHB Mike Mentzer 0-0: Ball
1-0: Ball
2-0: Ball
3-0: SINGLE (Groundball, 4MS, EV 86.9 MPH) (infield hit)
Batting: RHB Cesar Breceda 0-0: Ball
Mike Mentzer steals 2nd base
1-0: Ground out 5-3 (Groundball, 15, EV 78.8 MPH)
Batting: LHB Kevin McCormic Jr. 0-0: Called Strike
0-1: Foul Ball, location: 2F
0-2: Strikes out looking
Top of the 3rd over - 0 runs, 1 hit, 0 errors, 1 left on base; Boston 1 - Baltimore 1
BOTTOM OF THE 3RD
Baltimore Orioles batting - Pitching for Boston Red Sox : RHP Reece Nichols
Batting: LHB Bob Melley 0-0: Ball
1-0: SOLO HOME RUN (Line Drive, 89XD, EV 109.4 MPH), Distance : 421 ft
Batting: RHB Saimei Kudo 0-0: Ball
1-0: Ground out 6-3 (Groundball, 6, EV 81.9 MPH)
Batting: LHB Jesus Lozano 0-0: Fly out, F7 (Line Drive, 7LM, EV 98.1 MPH)
Batting: RHB Rudo Garciaparra 0-0: Called Strike
0-1: Ground out 6-3 (Groundball, 6MS, EV 66.2 MPH)
Bottom of the 3rd over - 1 run, 1 hit, 0 errors, 0 left on base; Boston 1 - Baltimore 2
TOP OF THE 4TH
Boston Red Sox batting - Pitching for Baltimore Orioles : RHP John Piccola
Batting: SHB Marvin Lawrence 0-0: Called Strike
0-1: Ball
1-1: Ball
2-1: Foul Ball, location: 2F
2-2: Strikes out swinging
Batting: RHB Pedro Nin 0-0: Ball
1-0: Ball
2-0: Ball
3-0: Base on Balls
Batting: LHB Shoichi Aso 0-0: Ball
1-0: Called Strike
Pedro Nin steals 2nd base
1-1: Ball
2-1: Ground out 3-1 (Groundball, 34, EV 106.2 MPH)
Pedro Nin to third
Batting: SHB Robbie Rogers 0-0: Ball
1-0: Called Strike
1-1: Foul Ball, location: 2F
1-2: Strikes out swinging
Top of the 4th over - 0 runs, 0 hits, 0 errors, 1 left on base; Boston 1 - Baltimore 2
BOTTOM OF THE 4TH
Baltimore Orioles batting - Pitching for Boston Red Sox : RHP Reece Nichols
Batting: LHB Ernesto Cedillos 0-0: Called Strike
0-1: Ball
1-1: Foul Ball, location: 2F
1-2: Foul Ball, location: 2F
1-2: Hit by Pitch
Batting: RHB Randy Johnson Jr. 0-0: Called Strike
0-1: Called Strike
0-2: Ball
1-2: Foul Ball, location: 2F
1-2: Ball
2-2: Ball
3-2: Strikes out swinging
Batting: SHB Robert Handy 0-0: Ball
1-0: Swinging Strike
1-1: Ball
2-1: Foul Ball, location: 2F
2-2: Foul Ball, location: 2F
2-2: Strikes out swinging
Batting: LHB Ben Goldstein 0-0: Ball
1-0: Swinging Strike
1-1: Foul Ball, location: 2F
1-2: Ball
2-2: Ball
3-2: Strikes out swinging
Bottom of the 4th over - 0 runs, 0 hits, 0 errors, 1 left on base; Boston 1 - Baltimore 2
TOP OF THE 5TH
Boston Red Sox batting - Pitching for Baltimore Orioles : RHP John Piccola
Batting: LHB Tim Fuller 0-0: Called Strike
0-1: Ball
1-1: Called Strike
1-2: Foul Ball, location: 2F
1-2: Ball
2-2: Strikes out swinging
Batting: RHB Alois Wollf 0-0: Called Strike
0-1: Ball
1-1: Foul Ball, location: 2F
1-2: Foul Ball, location: 2F
1-2: Foul Ball, location: 2F
1-2: DOUBLE (Flyball, 89XD, EV 97.5 MPH)
Batting: LHB Mike Mentzer 0-0: Called Strike
0-1: Fly out, F5 (Popup, 5DF, EV 54.4 MPH)
Batting: RHB Cesar Breceda 0-0: Foul Ball, location: 2F
0-1: Swinging Strike
0-2: Ball
1-2: Ball
2-2: Foul Ball, location: 2F
2-2: Strikes out swinging
Top of the 5th over - 0 runs, 1 hit, 0 errors, 1 left on base; Boston 1 - Baltimore 2
BOTTOM OF THE 5TH
Baltimore Orioles batting - Pitching for Boston Red Sox : RHP Reece Nichols
Batting: RHB Blake Ballard 0-0: Called Strike
0-1: Ground out U3 (Groundball, 34, EV 86.9 MPH)
Batting: LHB Bob Melley 0-0: SINGLE (Line Drive, 8LS, EV 110.6 MPH)
Batting: RHB Saimei Kudo 0-0: Called Strike
0-1: Swinging Strike
0-2: Foul Ball, location: 2F
0-2: Foul Ball, location: 2F
0-2: Strikes out swinging
Batting: LHB Jesus Lozano 0-0: Swinging Strike
0-1: Ball
1-1: Ball
2-1: Ground out U3 (Groundball, 3, EV 108.1 MPH)
Bottom of the 5th over - 0 runs, 1 hit, 0 errors, 1 left on base; Boston 1 - Baltimore 2
TOP OF THE 6TH
Boston Red Sox batting - Pitching for Baltimore Orioles : RHP John Piccola
Batting: LHB Kevin McCormic Jr. 0-0: Ball
1-0: Foul Ball, location: 2F
1-1: Called Strike
1-2: SOLO HOME RUN (Flyball, 7LD, EV 95.0 MPH), Distance : 357 ft
Batting: SHB Marvin Lawrence 0-0: Called Strike
0-1: Swinging Strike
0-2: Fly out, F9 (Line Drive, 9, EV 91.9 MPH)
Batting: RHB Pedro Nin 0-0: Fly out, F6 (Popup, 6, EV 69.4 MPH)
Batting: LHB Shoichi Aso 0-0: Foul Ball, location: 2F
0-1: Ball
1-1: Ball
2-1: Ground out 1-3 (Groundball, 34S, EV 66.2 MPH)
Top of the 6th over - 1 run, 1 hit, 0 errors, 0 left on base; Boston 2 - Baltimore 2
BOTTOM OF THE 6TH
Baltimore Orioles batting - Pitching for Boston Red Sox : RHP Reece Nichols
Batting: RHB Rudo Garciaparra 0-0: Ground out 6-3 (Groundball, 56, EV 76.2 MPH)
Batting: LHB Ernesto Cedillos 0-0: Foul Ball, location: 2F
0-1: Called Strike
0-2: Ball
1-2: Ball
2-2: Ball
3-2: Foul Ball, location: 2F
3-2: Base on Balls
Batting: RHB Randy Johnson Jr. 0-0: Ground out 5-3 (Groundball, 56S, EV 65.6 MPH)
Ernesto Cedillos to second
Batting: SHB Robert Handy 0-0: Foul Ball, location: 2F
0-1: Fly out, F7 (Flyball, 7D, EV 93.1 MPH)
Bottom of the 6th over - 0 runs, 0 hits, 0 errors, 1 left on base; Boston 2 - Baltimore 2
TOP OF THE 7TH
Boston Red Sox batting - Pitching for Baltimore Orioles : RHP John Piccola
Pitching: RHP Stanislav Mamatsev
Batting: SHB Robbie Rogers 0-0: Ground out 6-3 (Groundball, 6, EV 91.2 MPH)
Batting: LHB Tim Fuller 0-0: Called Strike
0-1: Ball
1-1: Ball
2-1: Ball
3-1: Base on Balls
Batting: RHB Alois Wollf 0-0: Called Strike
0-1: Foul Ball, location: 2F
0-2: Ball
1-2: Ball
Tim Fuller steals 2nd base
2-2: Ball
3-2: Strikes out swinging
Batting: LHB Mike Mentzer 0-0: Called Strike
0-1: Ball
1-1: Ball
2-1: Foul Ball, location: 2F
2-2: Strikes out swinging
Top of the 7th over - 0 runs, 0 hits, 0 errors, 1 left on base; Boston 2 - Baltimore 2
BOTTOM OF THE 7TH
Baltimore Orioles batting - Pitching for Boston Red Sox : RHP Reece Nichols
Batting: LHB Ben Goldstein 0-0: Called Strike
0-1: Swinging Strike
0-2: Ball
1-2: Ball
2-2: Foul Ball, location: 2F
2-2: Strikes out swinging
Batting: RHB Blake Ballard 0-0: Foul Ball, location: 2F
0-1: Ball
1-1: Swinging Strike
1-2: Foul Ball, location: 2F
1-2: Strikes out swinging
Batting: LHB Bob Melley 0-0: Ball
1-0: Ball
2-0: Foul Ball, location: 2F
2-1: Ball
3-1: Base on Balls
Batting: RHB Saimei Kudo 0-0: SINGLE (Groundball, 5D, EV 108.8 MPH)
Bob Melley to second
Batting: LHB Jesus Lozano 0-0: Called Strike
0-1: Foul Ball, location: 2F
0-2: Ball
1-2: Ball
2-2: Ground out U3 (Groundball, 3, EV 100.0 MPH)
Bottom of the 7th over - 0 runs, 1 hit, 0 errors, 2 left on base; Boston 2 - Baltimore 2
TOP OF THE 8TH
Boston Red Sox batting - Pitching for Baltimore Orioles : RHP Stanislav Mamatsev
Batting: RHB Cesar Breceda 0-0: Ball
1-0: Ball
2-0: Ball
3-0: Called Strike
3-1: Base on Balls
Batting: LHB Kevin McCormic Jr. 0-0: Swinging Strike
0-1: Called Strike
0-2: Ball
1-2: Strikes out swinging
Batting: SHB Marvin Lawrence 0-0: Called Strike
0-1: Ball
1-1: Called Strike
1-2: Ball
2-2: Ball
3-2: Base on Balls
Cesar Breceda to second
Batting: RHB Pedro Nin 0-0: Ball
1-0: Ball
2-0: Ball
3-0: Base on Balls
Cesar Breceda to third
Marvin Lawrence to second
Pitching: LHP Jamie Tanner
Pinch Hitting: RHB Dan Friess 0-0: Foul Ball, location: 2F
0-1: Fly out, F7 (Flyball, 7D, EV 92.5 MPH)
Runner from 3rd tags up, SCORES, no throw by LF
Batting: SHB Robbie Rogers 0-0: Ground out 5-3 (Groundball, 56S, EV 86.2 MPH)
Top of the 8th over - 1 run, 0 hits, 0 errors, 2 left on base; Boston 3 - Baltimore 2
BOTTOM OF THE 8TH
Baltimore Orioles batting - Pitching for Boston Red Sox : RHP Reece Nichols
Pitching: RHP Kyle Ehret
Now in LF: Joe Smack
Now in RF: Kevin McCormic Jr.
Batting: RHB Rudo Garciaparra 0-0: Swinging Strike
0-1: Ball
1-1: Foul Ball, location: 2F
1-2: Ball
2-2: SINGLE (Flyball, 9LS, EV 96.2 MPH)
Batting: LHB Ernesto Cedillos 0-0: Ball
1-0: Ball
2-0: Foul Ball, location: 2F
2-1: Ball
Rudo Garciaparra is caught stealing 2nd base 2-6
3-1: Foul Ball, location: 2F
3-2: SINGLE (Groundball, 4MD, EV 111.2 MPH)
Batting: RHB Randy Johnson Jr. 0-0: Called Strike
0-1: Grounds into double play, 4-6-3 (Groundball, 4, EV 85.0 MPH)
Bottom of the 8th over - 0 runs, 2 hits, 0 errors, 0 left on base; Boston 3 - Baltimore 2
TOP OF THE 9TH
Boston Red Sox batting - Pitching for Baltimore Orioles : LHP Jamie Tanner
Pinch Hitting: RHB Rocky Campbell 0-0: Called Strike
0-1: Ball
1-1: DOUBLE (Flyball, 8RXD, EV 98.8 MPH)
Batting: RHB Alois Wollf 0-0: Intentional Walk
Batting: LHB Mike Mentzer 0-0: Called Strike
0-1: Ball
1-1: Ball
2-1: Ground out 4-3 (Groundball, 4M, EV 94.4 MPH)
Rocky Campbell to third
Alois Wollf to second
Batting: RHB Cesar Breceda 0-0: Intentional Walk
Batting: LHB Kevin McCormic Jr. 0-0: Swinging Strike
0-1: Grounds into double play, 3-2-3 (Groundball, 34S, EV 89.4 MPH)
Top of the 9th over - 0 runs, 1 hit, 0 errors, 2 left on base; Boston 3 - Baltimore 2
BOTTOM OF THE 9TH
Baltimore Orioles batting - Pitching for Boston Red Sox : RHP Kyle Ehret
Pitching: RHP Guadalupe Vasguez
Now at 1B: Kevin McCormic Jr.
Now at 3B: Rocky Campbell
Now in RF: Scott Treider
Batting: SHB Robert Handy 0-0: Foul Ball, location: 2F
0-1: Called Strike
0-2: Ball
1-2: Strikes out swinging
Batting: LHB Ben Goldstein 0-0: Called Strike
0-1: Called Strike
0-2: Fly out, F8 (Line Drive, 8LM, EV 104.4 MPH)
Pinch Hitting: LHB Paul Diaz 0-0: Called Strike
0-1: Called Strike
0-2: Foul Ball, location: 2F
0-2: Ball
1-2: Ball
2-2: Strikes out swinging
Bottom of the 9th over - 0 runs, 0 hits, 0 errors, 0 left on base; Boston 3 - Baltimore 2
Tuesday, September 13th , 2022 - OOTP Baseball 23.7 Build 88